 Dungeon Crawl Stone Soup version 0.26.1-10-gdfb7c7de75 (webtiles) character file.

Game seed: 4734623456653611510

149 Torikoriko the Skirmisher (level 5, -1/50 HPs)
             Began as a Palentonga Delver on Apr 8, 2021.
             Was an Initiate of Kikubaaqudgha.
             Killed from afar by an orc wizard (5 damage)
             ... with a magic dart
             ... on level 5 of the Dungeon.
             The game lasted 00:01:59 (255 turns).

Torikoriko the Skirmisher (Palentonga Delver)        Turns: 255, Time: 00:01:59

Health: -1/50      AC:  4    Str: 15    XL:     5   Next: 9%
Magic:  5/5        EV: 10    Int: 11    God:    Kikubaaqudgha [......]
Gold:   26         SH:  0    Dex: 12    Spells: 4/4 levels left

rFire    . . .     SeeInvis +   a - +0 short sword
rCold    . . .     Faith    .   (no shield)
rNeg     . . .     Spirit   .   b - +0 leather armour
rPois    .         Reflect  .   (no helmet)
rElec    .         Harm     .   (no cloak)
rCorr    .         Rampage  .   (no gloves)
Will     .....                  (no barding)
Stlth    ++........             (no amulet)
HPRegen  0.16/turn              (no ring)
MPRegen  0.09/turn              (no ring)

@: no status effects
A: large, rugged brown scales 3, see invisible, deformed body, roll 1, armoured
tail
a: Rolling Charge, Renounce Religion


You were on level 5 of the Dungeon.
You worshipped Kikubaaqudgha.
Kikubaaqudgha was noncommittal.
You visited 2 branches of the dungeon, and saw 3 of its levels.

You collected 26 gold pieces.

Inventory:

Hand Weapons
 a - a +0 short sword (weapon)
Armour
 b - a +0 leather armour (worn)
Wands
 g - a wand of digging (1)
Scrolls
 c - a scroll of fog
 e - a scroll of fear


   Skills:
 + Level 4.6 Fighting
 - Level 2.0 Short Blades
 + Level 3.2 Dodging
 - Level 3.3 Stealth


You had 4 spell levels left.
You didn't know any spells.
Your spell library was empty.

Dungeon Overview and Level Annotations

Branches:
Dungeon (5/15)             Temple (1/1) D:5

Altars:
Cheibriados
Dithmenos
Fedhas
Gozag
Kikubaaqudgha
Makhleb
Nemelex Xobeh
Okawaru
Qazlal
Trog
Uskayaw
Wu Jian
Yredelemnul
Zin
The Shining One


Innate Abilities, Weirdness & Mutations

You are completely covered in rugged brown scales. (AC +3, +7% HP)
You have supernaturally acute eyesight. (SInv)
Armour fits poorly on your strangely shaped body.
You can roll at nearby foes to attack.
You have a long armoured tail.


Message History

The orc hits you with a cursed +0 dagger.
* * * LOW HITPOINT WARNING * * *
You closely miss the orc wizard.
The orc wizard is heavily wounded.
The orc wizard closely misses you. The orc hits you but does no damage.
You hit the orc wizard.
The orc wizard is almost dead.
The orc wizard closely misses you.
The orc hits you with a cursed +0 dagger.
* * * LOW HITPOINT WARNING * * *
You closely miss the orc wizard.
You tail-slap the orc wizard, but do no damage.
The orc wizard is almost dead.
The orc wizard closely misses you. The orc closely misses you.
You barely miss the orc wizard.
The orc wizard is almost dead.
The orc wizard gestures at you while chanting.
The magic dart hits you.
You die...
Kikubaaqudgha rasps: "You have failed me!
Welcome... death!"

*,*,*,,***,,*
*,*,*,,,,,,,*
*,*,*#.*#...#
*,#,*#.*#...#
#.#.##.##...#
#.#.#.......#
............######
#.#.#.#.#...##<..#
...........#####@#
#.......#......oo#
...........#######
#...>...#.[#
...........#
#.......#..#
...........#
#.#.#.#.#..#
...........#


You could see an orc wizard and an orc.

Vanquished Creatures
  Eustachio (D:5)
  An adder (D:4)
  An orc (D:5)
  A leopard gecko zombie (D:4)
4 creatures vanquished.

Vanquished Creatures (others)
  A withered plant (D:4)
1 creature vanquished.

Grand Total: 5 creatures vanquished

Notes
Turn   | Place    | Note
-------+----------+-------------------------------------------
     0 | D:5      | Torikoriko the Palentonga Delver began the quest for the
                  | Orb.
     0 | D:5      | Reached XP level 1. HP: 20/20 MP: 1/1
    13 | D:5      | Found a staircase to the Ecumenical Temple.
    19 | D:5      | Noticed Eustachio
    22 | Temple   | Entered the Ecumenical Temple
    30 | Temple   | Became a worshipper of Kikubaaqudgha
   103 | D:4      | Reached XP level 2. HP: 15/27 MP: 2/2
   224 | D:5      | Killed Eustachio
   225 | D:5      | Reached skill level 4 in Fighting
   225 | D:5      | Reached XP level 3. HP: 7/36 MP: 3/3
   225 | D:5      | Reached XP level 4. HP: 8/43 MP: 4/4
   225 | D:5      | Reached XP level 5. HP: 10/50 MP: 5/5
   255 | D:5      | Killed from afar by an orc wizard

Illustrated notes

Levels and vault maps discovered:
D:4:      layout_layer_cave, serial_undead, serial_undead_a, serial_undead_a,
          serial_undead_f, serial_undead_e, serial_undead_a, serial_undead_f,
          ebering_ghost_reflecting_pool, lemuel_tele_altar
D:5:      layout_basic, minmay_temple_entry_glass, serial_shops,
          kennysheep_mini, minmay_mini_ossuary, uniq_eustachio
Temple:   nicolae_temple_no_exploring_needed

Skill      XL: |  1  2 |
---------------+-------+-----
Dodging        | 2 3 |  3.2
Fighting       | 4 |  4.6
Short Blades   | |  2.0
Stealth        | |  3.3

Action                   |  1- 3 |  4- 6 || total
-------------------------+-------+-------++-------
Melee: Short sword       |    26 |    20 ||    46
       Tailslap          |     3 |     3 ||     6
 Abil: Rolling Charge    |     5 |     1 ||     6
Evoke: Wand              |     2 |       ||     2
  Use: Scroll            |     1 |       ||     1
       Potion            |     1 |       ||     1
Armor: Leather armour    |     1 |     6 ||     7
Dodge: Dodged            |     7 |    12 ||    19
